 Dungeon Crawl Stone Soup version 0.18.1-47-g9310371 (webtiles) character file.

11521 Gagarin the Covert (level 11, -5/52 HPs)
             Began as a Spriggan Assassin on June 13, 2016.
             Was an Elder of Kikubaaqudgha.
             Killed from afar by a frost giant (28 damage)
             ... with a bolt of cold
             ... in an ice cave.
             The game lasted 01:25:55 (12959 turns).

Gagarin the Covert (Spriggan Assassin)             Turns: 12959, Time: 01:25:58

Health: -5/52      AC: 13    Str:  6 (7)  XL:     11   Next: 50%
Magic:  0/30       EV: 34    Int: 16      God:    Kikubaaqudgha [****..]
Gold:   302        SH:  0    Dex: 29      Spells: 3 memorised, 16 levels left

rFire  + . .     SeeInvis +     b - +0 blowgun
rCold  . . .     Gourm    .     Q - +2 robe of Winter {*Drain rF+ Dex+7}
rNeg   . . .     Faith    .     (shield restricted)
rPois  +         Spirit   +     (helmet restricted)
rElec  .         Dismiss  .     f - +2 cloak {rPois}
rCorr  .         Reflect  .     (gloves unavailable)
SustAt .         Harm     .     (boots unavailable)
MR     +....                    v - amulet of guardian spirit
Stlth  ++++++++..               d - +2 ring of protection
                                X - ring of magical power

@: very quick, somewhat resistant to hostile enchantments, extraordinarily
stealthy
A: unfitting armour, horns 1, iridescent scales 1, see invisible, agile 1,
clever 1, deterioration 2, herbivore 3, speed 3, poison resistance, slow
metabolism 2
a: Receive Corpses, Renounce Religion


You were in an ice cave.
You worshipped Kikubaaqudgha.
Kikubaaqudgha was greatly pleased with you.
You were not hungry.

You visited 2 branches of the dungeon, and saw 12 of its levels.
You also visited: Ice Cave.

You collected 684 gold pieces.
You spent 382 gold pieces at shops.

Inventory:

Hand Weapons
 b - a +0 blowgun (weapon)
 e - a +0 dagger of flaming
 N - a +0 shortbow
 V - the +3 dagger of Hiash {elec, -Tele rN+ Str+2}
   (You took it off an orc on level 8 of the Dungeon)

   Occasionally, upon striking a foe, it will discharge some electrical energy
   and cause terrible harm.
   It affects your strength (+2).
   It protects you from negative energy.
   It prevents most forms of teleportation.
Missiles
 g - 154 arrows
 E - a curare-tipped needle
 G - 3 needles of sleeping (quivered)
 R - 30 poisoned needles
 S - 2 needles of paralysis
Armour
 f - a +2 cloak of poison resistance (worn)
 j - a troll hide
 Q - the +2 robe of Winter (worn) {*Drain rF+ Dex+7}
   (You bought it in a shop on level 9 of the Dungeon)

   It affects your dexterity (+7).
   It protects you from fire.
   It causes draining when unequipped.
Magical Staves
 l - an uncursed staff of fire
Jewellery
 d - a +2 ring of protection (right hand)
 k - an uncursed ring of ice
 u - an uncursed ring of resist corrosion
 v - an amulet of guardian spirit (around neck)
 H - an uncursed amulet of magic regeneration
 I - the ring "Nauts" {+Blink rPois rC+ rN+ Dex-5}
   (You found it on level 5 of the Dungeon)

   [ring of positive energy]

   It affects your dexterity (-5).
   It protects you from cold.
   It protects you from poison.
   It protects you from negative energy.
   It lets you blink.
 T - an uncursed ring of fire
 X - a ring of magical power (left hand)
 Y - the ring "Sitsewk" {rF+++ rN+ MR- Str+6}
   (You found it on level 9 of the Dungeon)

   [ring of positive energy]

   It affects your strength (+6).
   It renders you almost immune to fire.
   It protects you from negative energy.
   It affects your resistance to hostile enchantments.
Wands
 c - a wand of polymorph (11/24)
 O - a wand of confusion (33/48)
 Z - a wand of lightning (5/15)
Scrolls
 i - 4 scrolls of teleportation
 m - 2 scrolls of recharging
 n - 3 scrolls of fear {unknown}
 o - 2 scrolls of enchant weapon {unknown}
 p - a scroll of torment {unknown}
 r - 2 scrolls of enchant armour {unknown}
 s - 4 scrolls of amnesia {unknown}
 w - 6 scrolls of identify
 x - 3 scrolls of blinking {unknown}
 y - 3 scrolls of fog
 J - a scroll of immolation {unknown}
 M - 3 scrolls of remove curse {unknown}
 W - 2 scrolls of noise {unknown}
Potions
 h - 2 potions of resistance
 q - 4 potions of curing
 t - a potion of lignification
 A - 3 potions of ambrosia
 F - a potion of magic
 K - a potion of heal wounds {unknown}
 L - a potion of brilliance
 U - a potion of cancellation {unknown}
Books
 a - a book of Battle

   Spells                             Type                      Level
   a - Infusion                       Charms                       1
   b - Shroud of Golubria             Charms/Translocation         2
   c - Song of Slaying                Charms                       2
   d - Spectral Weapon                Hexes/Charms                 3
   e - Regeneration                   Charms/Necromancy            3
 C - a Fen Folio

   Spells                             Type                      Level
   a - Corpse Rot                     Necromancy                   2
   b - Stone Arrow                    Conjuration/Earth            3
   c - Leda's Liquefaction            Hexes/Earth                  4
   d - Summon Forest                  Summoning/Translocation      5
   e - Hydra Form                     Transmutation                6
   f - Summon Hydra                   Summoning                    7
 D - Kikubaaqudgha's Almanac of Sinister Arts
   (Kikubaaqudgha gifted it to you on level 10 of the Dungeon)

   Spells                             Type                      Level
   a - Animate Dead                   Necromancy                   4
   b - Excruciating Wounds            Charms/Necromancy            5
   c - Bolt of Draining               Conjuration/Necromancy       5
   d - Cigotuvi's Embrace             Necromancy                   5
   e - Dispel Undead                  Necromancy                   5
 P - Kikubaaqudgha's Incunabulum of Unholy Rites
   (Kikubaaqudgha gifted it to you on level 8 of the Dungeon)

   Spells                             Type                      Level
   a - Animate Skeleton               Necromancy                   1
   b - Corpse Rot                     Necromancy                   2
   c - Sublimation of Blood           Necromancy                   2
   d - Vampiric Draining              Necromancy                   3
   e - Control Undead                 Necromancy                   4
Comestibles
 z - 11 bread rations
 B - 6 fruits


   Skills:
 + Level 3.5 Fighting
 + Level 6.0 Short Blades
 + Level 4.2 Bows
 + Level 8.6 Throwing
 + Level 12.5 Dodging
 + Level 14.7 Stealth
 + Level 6.1 Spellcasting
 + Level 0.8 Charms
 + Level 3.5 Necromancy
 + Level 0.3 Evocations


You had 16 spell levels left.
You knew the following spells:

 Your Spells              Type           Power        Failure   Level  Hunger
a - Animate Skeleton      Necr           N/A          3%          1    None
b - Corpse Rot            Necr           N/A          6%          2    #......
c - Regeneration          Chrm/Necr      ##........   17%         3    ##.....


Dungeon Overview and Level Annotations

Branches:
Dungeon (11/15)            Temple (1/1) D:5             Orc (0/2) D:10
   Lair: D:8-11

Altars:
Ashenzari
Cheibriados
Dithmenos
Elyvilon
Fedhas
Gozag
Kikubaaqudgha
Makhleb
Nemelex Xobeh
Okawaru
Pakellas
Qazlal
Ru
Sif Muna
Trog
Vehumet
Xom
Yredelemnul
Zin
The Shining One

Shops:
D:4 *   D:5 %   D:8 *   D:9 [

Annotations:
D:4 Rationalist's ghost, amateur MiBe
D:7 Thrillho's ghost, novice OpFi


Innate Abilities, Weirdness & Mutations

You are tiny and cannot use many weapons and most armour.
You have supernaturally acute eyesight.
You are a herbivore.
You cover ground extremely quickly.
You need consume almost no food.
You have a pair of small horns on your head.
You are partially covered in iridescent scales (AC +4).
You are agile. (Dex +2)
Your mind is acute. (Int +2)
Your body often deteriorates upon taking damage.
Your system is resistant to poisons.


Message History

Your body deteriorates!
You feel weakened.
Wield which item (- for none, * to show all)? (? for menu, Esc to quit)
The +3 dagger of Hiash {elec, -Tele rN+ Str+2} stops crackling.
b - a +0 blowgun (weapon)
The frost giant is engulfed in dark miasma.
The frost giant seems to slow down.
Quiver which item? (- for none, * to show all) (? for menu, Esc to quit)
Quivering
G - 4 needles of sleeping for blowguns.
Firing (i - inventory. (,) - cycle):
G - 4 needles of sleeping (quivered)
Press: ? - help, Shift-Dir - straight line, f - frost giant
Aim: a frost giant, wielding a battleaxe of freezing (heavily wounded, slow, poisoned)
You shoot a needle of sleeping.
The needle of sleeping hits the frost giant!
The frost giant resists.
The frost giant is heavily wounded.
The frost giant points at you and mumbles some strange words.
The bolt of cold hits you!
Ouch! That really hurt!
You die...
Kikubaaqudgha rasps: "You have failed me!
Welcome... death!"

##.#..#≈≈≈≈≈#
#..##.##≈≈#≈#
#Z###.# ≈≈≈≈≈
##.#.## ≈≈≈#
#....# #.#.##
##.### #.##
#@## #..#
##.# ##C#
#.## #§#


#YY ##hh hhh You could see a frost giant.

Vanquished Creatures
  A death yak (IceCv)
  The ghost of Britaniac the Basher, a novice GrFi of Okawaru (D:9)
  Joseph (D:8)
  2 polar bears (IceCv)
  A two-headed ogre (D:9)
  2 trolls (D:9)
  Sigmund (D:3)
  A spriggan (D:10)
  A vampire (D:10)
  16 yaks
  A hippogriff (D:9)
  Edmund (D:6)
  5 phantoms
  3 sky beasts
  3 orc warriors
  2 eyes of draining (D:9)
  2 ice beasts
  A necrophage (D:9)
  10 wolves (IceCv)
  5 centaurs
  4 ogres
  6 giant frogs
  A gnoll sergeant (D:10)
  A scorpion (D:10)
  3 killer bees (D:10)
  A howler monkey (D:6)
  4 crimson imps
  4 hounds
  2 quasits
  A centaur skeleton (D:5)
  7 orc priests
  Crazy Yiuf (D:7)
  A jelly (D:8)
  Jessica (D:2)
  3 iguanas
  10 orc wizards
  9 worker ants
  Terence (D:3)
  2 hound skeletons
  A howler monkey zombie (D:6)
  6 gnolls
  9 adders
  2 shadow imps
  An ooze (D:3)
  An adder zombie (D:5)
  An adder skeleton (D:8)
  A worm (D:3)
  4 giant geckos
  34 orcs
  A ball python (D:2)
  8 giant cockroaches
  5 goblins
  10 hobgoblins
  4 jackals (D:10)
  5 quokkas
  4 bats
  4 giant newts
  A jackal skeleton (D:4)
  7 kobolds
  6 rats
  A fungus (D:7)
238 creatures vanquished.

Vanquished Creatures (collateral kills)
  2 trolls (D:9)
  3 yaks
  An orc warrior (D:8)
  3 wolves (IceCv)
  A giant frog (D:9)
  A scorpion (D:9)
  3 wights (D:9)
  An orc priest (D:8)
  2 orc wizards (D:8)
  A worker ant (D:9)
  A gnoll (D:10)
  2 shadow imps (D:9)
  6 orcs
  A quokka (D:8)
28 creatures vanquished.

Vanquished Creatures (others)
  A death yak (IceCv)
  A polar bear (IceCv)
  A centaur (D:7)
  2 wolves (IceCv)
  A hobgoblin (D:2)
6 creatures vanquished.

Grand Total: 272 creatures vanquished

Notes
Turn   | Place    | Note
--------------------------------------------------------------
     0 | D:1      | Gagarin the Spriggan Assassin began the quest for the Orb.
     0 | D:1      | Reached XP level 1. HP: 10/10 MP: 2/2
   276 | D:1      | Reached skill level 6 in Stealth
   722 | D:2      | Found a white marble altar of Elyvilon.
   891 | D:2      | Reached XP level 2. HP: 9/14 MP: 3/3
   898 | D:2      | Gained mutation: Your body sometimes deteriorates upon taking damage. [potion of mutation]
   898 | D:2      | Gained mutation: Your body often deteriorates upon taking damage. [potion of mutation]
   898 | D:2      | Gained mutation: You are partially covered in iridescent scales (AC +4). [potion of mutation]
  1067 | D:2      | Reached XP level 3. HP: 18/18 MP: 4/4
  1074 | D:2      | Noticed Jessica
  1081 | D:2      | Killed Jessica
  1081 | D:2      | Reached skill level 7 in Stealth
  1395 | D:2      | Reached XP level 4. HP: 23/23 MP: 5/5
  1845 | D:3      | Found a deep blue altar of Sif Muna.
  1923 | D:3      | Noticed Sigmund
  1963 | D:3      | Killed Sigmund
  1963 | D:3      | Reached skill level 8 in Stealth
  1963 | D:3      | Reached XP level 5. HP: 12/26 MP: 6/6
  1963 | D:3      | Reached XP level 6. HP: 14/30 MP: 7/7
  2263 | D:3      | Noticed Terence
  2280 | D:3      | Killed Terence
  2570 | D:3      | Found a radiant altar of Vehumet.
  2570 | D:3      | Found a blossoming altar of Fedhas.
  3203 | D:3      | Found an oddly glowing altar of Pakellas.
  3523 | D:4      | Found a sacrificial altar of Ru.
  3590 | D:4      | Noticed Rationalist's ghost (amateur MiBe)
  3733 | D:4      | Found Fetok's Fabulous Fripperies.
  3737 | D:4      | Reached skill level 9 in Stealth
  3745 | D:4      | Bought a scroll of fog for 28 gold pieces
  3745 | D:4      | Bought 3 fruits for 63 gold pieces
  3788 | D:4      | Found a shadowy altar of Dithmenos.
  4325 | D:5      | Entered Level 5 of the Dungeon
  4388 | D:5      | Reached XP level 7. HP: 16/35 MP: 4/8
  5181 | D:5      | Found a staircase to the Ecumenical Temple.
  5183 | D:5      | Reached skill level 5 in Throwing
  5243 | Temple   | Entered the Ecumenical Temple
  5505 | Temple   | Became a worshipper of Kikubaaqudgha
  5698 | D:5      | Found a sparkling altar of Nemelex Xobeh.
  5698 | D:5      | Noticed a vampire mosquito
  5708 | D:5      | Got a flickering glass ring
  5814 | D:5      | Reached skill level 5 in Dodging
  5814 | D:5      | Reached skill level 10 in Stealth
  5817 | D:5      | Found Pait's Food Boutique.
  5889 | D:5      | Bought a bread ration for 60 gold pieces
  5889 | D:5      | Bought a bread ration for 60 gold pieces
  6018 | D:6      | Noticed Edmund
  6043 | D:6      | Killed Edmund
  6043 | D:6      | Reached XP level 8. HP: 39/39 MP: 9/9
  7219 | D:7      | Noticed Crazy Yiuf
  7246 | D:7      | Killed Crazy Yiuf
  7669 | D:7      | Found an opulent altar of Gozag.
  7754 | D:7      | Noticed Thrillho's ghost (novice OpFi)
  8190 | D:7      | Gained mutation: Your system is resistant to poisons. [potion of mutation]
  8190 | D:7      | Gained mutation: You have a pair of small horns on your head. [potion of mutation]
  8190 | D:7      | Gained mutation: Your mind is acute. (Int +2) [potion of mutation]
  8193 | D:7      | Gained mutation: You are agile. (Dex +2) [potion of mutation]
  8286 | D:8      | Reached skill level 1 in Bows
  8293 | D:8      | Found a burning altar of Makhleb.
  8297 | D:8      | Noticed a balrug
  8298 | D:8      | Found a glowing silver altar of Zin.
  8299 | D:8      | Noticed an angel
  8557 | D:8      | Identified the ring "Nauts" {+Blink rPois rC+ rN+ Dex-5} (You found it on level 5 of the Dungeon)
  8569 | D:8      | Reached XP level 9. HP: 27/43 MP: 10/10
  8585 | D:8      | Reached skill level 11 in Stealth
  8616 | D:8      | Reached * piety under Kikubaaqudgha
  8616 | D:8      | Received a gift from Kikubaaqudgha
  8617 | D:8      | Identified Kikubaaqudgha's Incunabulum of Unholy Rites (Kikubaaqudgha gifted it to you on level 8 of the Dungeon)
  8624 | D:8      | Learned a level 1 spell: Animate Skeleton
  8859 | D:8      | Reached skill level 1 in Spellcasting
  8949 | D:8      | Learned a level 2 spell: Corpse Rot
  9069 | D:8      | Found a shimmering altar of Xom.
  9114 | D:8      | Found Koewenei's General Store.
  9204 | D:8      | Noticed Joseph
  9210 | D:8      | Killed Joseph
  9264 | D:8      | Got a crystal dagger {elec}
  9266 | D:8      | Identified the +3 dagger of Hiash {elec, -Tele rN+ Str+2} (You took it off an orc on level 8 of the Dungeon)
  9526 | D:9      | Reached skill level 1 in Necromancy
  9570 | D:9      | Got a wavering lapis lazuli ring
  9574 | D:9      | Noticed Britaniac's ghost (novice GrFi)
  9666 | D:9      | Killed Britaniac's ghost
  9666 | D:9      | Reached skill level 12 in Stealth
  9839 | D:9      | Identified the ring "Sitsewk" {rF+++ rN+ MR- Str+6} (You found it on level 9 of the Dungeon)
  9856 | D:9      | Reached XP level 10. HP: 49/49 MP: 10/16
 10072 | D:9      | Reached ** piety under Kikubaaqudgha
 10325 | D:9      | Reached skill level 5 in Short Blades
 10556 | D:9      | Found Xuss's Antique Armour Emporium.
 10597 | D:9      | Bought an embroidered robe for 18 gold pieces
 10597 | D:9      | Bought a slimy robe for 153 gold pieces
 10609 | D:9      | Identified the +2 robe of Winter {*Drain rF+ Dex+7} (You bought it in a shop on level 9 of the Dungeon)
 10772 | D:9      | Reached skill level 10 in Dodging
 10866 | D:9      | Reached skill level 13 in Stealth
 10989 | D:10     | Entered Level 10 of the Dungeon
 11373 | D:10     | Found a staircase to the Orcish Mines.
 11462 | D:10     | Reached *** piety under Kikubaaqudgha
 11462 | D:10     | Received a gift from Kikubaaqudgha
 11466 | D:10     | Identified Kikubaaqudgha's Almanac of Sinister Arts (Kikubaaqudgha gifted it to you on level 10 of the Dungeon)
 11899 | D:10     | Learned a level 3 spell: Regeneration
 12106 | D:10     | Reached skill level 5 in Spellcasting
 12141 | D:11     | Found a frozen archway.
 12154 | IceCv    | Entered an ice cave
 12171 | IceCv    | Reached XP level 11. HP: 52/52 MP: 19/19
 12231 | IceCv    | Killed a death yak
 12250 | IceCv    | Reached skill level 14 in Stealth
 12602 | IceCv    | Noticed a death yak
 12635 | IceCv    | Killed a death yak
 12659 | IceCv    | Reached **** piety under Kikubaaqudgha
 12933 | IceCv    | Noticed a frost giant
 12959 | IceCv    | Killed from afar by a frost giant

Skill      XL: |  1  2  3  4  5  6  7  8  9 10 11 |
---------------+----------------------------------+-----
Stealth        | 6 7 8 9 10 12 13 14 | 14.7
Dodging        | 2 4 5 7 9 11 12 | 12.5
Throwing       | 4 5 6 8 |  8.6
Fighting       | 2 3 |  3.5
Short Blades   | 3 4 5 6 |  6.0
Bows           | 2 3 4 |  4.2
Spellcasting   | 3 5 6 |  6.1
Necromancy     | 1 2 3 |  3.5
Charms         | |  0.8
Evocations     | |  0.3

Action                   |  1- 3 |  4- 6 |  7- 9 | 10-12 || total
-------------------------+-------+-------+-------+-------++-------
Melee: Dagger            |    34 |   197 |   322 |   391 ||   944
       Headbutt          |       |       |    30 |   104 ||   134
 Fire: Blowgun           |    26 |    78 |   141 |    41 ||   286
       Shortbow          |       |       |    45 |    18 ||    63
 Cast: Animate Skeleton  |       |       |    14 |    33 ||    47
       Corpse Rot        |       |       |       |    11 ||    11
       Regeneration      |       |       |       |     2 ||     2
Evoke: Wand              |       |       |       |     4 ||     4
  Use: Potion            |     2 |       |     2 |     7 ||    11
       Scroll            |       |       |       |     7 ||     7
 Stab: Sleeping          |     6 |    15 |    19 |    21 ||    61
       Distracted        |     1 |     2 |     2 |       ||     5
       Paralysed         |       |       |     1 |       ||     1
  Eat: Bread ration      |       |     1 |       |       ||     1
       Pizza             |       |       |       |     5 ||     5
       Fruit             |       |       |       |     1 ||     1
Armor: Robe              |     7 |    26 |    49 |    30 ||   112
Dodge: Dodged            |    27 |   134 |   260 |   366 ||   787
